[Event "Titled Tuesday Blitz May 16 Early 2023"]
[White "Jodorcovsky Werjivker, Paulo"]
[Black "Rodchenkov, Sergey D."]
[WhiteFideId "3700305"]
[BlackFideId "4168712"]
[WhiteElo "2120"]
[BlackElo "2277"]
[Result "1/2-1/2"]
[Round "04"]
[TimeControl "180+2"]
[Date "2023.05.16"]
[WhiteClock "0:00:12"]
[BlackClock "0:00:12"]

1. e4 c5 2. Nf3 d6 3. Bb5+ Nd7 4. c3 Nf6 5. Qe2 a6 6. Ba4 b5 7. Bc2 Bb7 8. O-O e6 9. d4 Be7 10. Re1 O-O 11. Nbd2 Rc8 12. Nf1 b4 13. Ng3 cxd4 14. cxd4 Nb6 15. Bd3 a5 16. Bg5 h6 17. Bxf6 Bxf6 18. e5 Bh4 19. Ne4 Be7 20. Rad1 d5 21. Ned2 Qd7 22. Bb1 Nc4 23. Qd3 g6 24. Nxc4 dxc4 25. Qe3 Kg7 26. Rc1 Rfd8 27. Be4 Bxe4 28. Qxe4 Qd5 29. Qe3 c3 30. bxc3 bxc3 31. Rc2 Bb4 32. Rec1 Rc4 33. Ra1 Rdc8 34. a3 Be7 35. h4 Bd8 36. Rac1 Qc6 37. Qd3 Bb6 38. Rd1 Qd5 39. Qe3 Rd8 40. Qf4 Bxd4 41. Qf6+ Kg8 42. Rdc1 a4 43. h5 Bxf2+ 44. Kxf2 Rg4 45. hxg6 Rxg6 46. Qf4 Qc5+ 47. Qe3 Rxg2+ 48. Kxg2 Qxe3 49. Rxc3 Qf4 50. Rc4 Qf5 51. Rg1 Kf8 52. Kf2 Rd3 53. Rg3 Rd2+ 54. Ke3 Ra2 55. Rd4 Rxa3+ 56. Kf2 Ra2+ 57. Ke3 Rb2 58. Rd8+ Ke7 59. Rd3 Rb3 60. Rxb3 axb3 61. Rg2 h5 62. Rb2 Qg4 63. Rxb3 Qc4 64. Rb7+ Kf8 65. Nd4 Qc3+ 66. Ke4 Qg3 67. Nf3 Qg4+ 68. Ke3 h4 69. Rb2 h3 70. Rh2 Qf5 71. Kf2 f6 72. Kg3 fxe5 73. Rxh3 Qf4+ 74. Kg2 e4 75. Ng1 e3 76. Rf3 Qxf3+ 77. Kxf3 e2 78. Kxe2 Ke7 79. Ke3 Kf6 80. Nf3 Ke7 81. Nd4 Kf6 82. Nxe6 1/2-1/2


[Site "https://www.chess.com"]

[Event "Titled Tuesday Blitz May 16 Early 2023"]
[White "Kuchava, Ana"]
[Black "Mrudul Dehankar"]
[WhiteFideId "13605348"]
[BlackFideId "25096990"]
[WhiteElo "2001"]
[BlackElo "2139"]
[Result "0-1"]
[Round "04"]
[TimeControl "180+2"]
[Date "2023.05.16"]
[WhiteClock "0:00:00"]
[BlackClock "0:00:04"]

1. d4 Nf6 2. c4 e6 3. Nf3 Bb4+ 4. Bd2 c5 5. e3 Nc6 6. Bd3 Qb6 7. Bxb4 cxb4 8. O-O d6 9. Nbd2 O-O 10. Qc2 Qc7 11. Ng5 h6 12. Nge4 Nxe4 13. Nxe4 b6 14. Rac1 Qe7 15. Rfd1 Bd7 16. f3 Rac8 17. Qf2 f5 18. Nd2 e5 19. d5 Na5 20. f4 Nb7 21. Nb3 a5 22. Bb1 a4 23. Nd2 Nc5 24. Nf3 Ne4 25. Bxe4 fxe4 26. Ne1 Bf5 27. Qd2 exf4 28. exf4 Bg4 29. Qd4 Bxd1 30. Rxd1 Rxf4 31. Nc2 Rcf8 32. Qxb6 Qf6 33. Ne3 Qxb2 34. Nf1 Qe2 0-1


[Site "https://www.chess.com"]

[Event "Titled Tuesday Blitz May 16 Early 2023"]
[White "Turzo, Attila"]
[Black "Boder, Jan"]
[WhiteFideId "704954"]
[BlackFideId "16243226"]
[WhiteElo "2471"]
[BlackElo "2241"]
[Result "1-0"]
[Round "04"]
[TimeControl "180+2"]
[Date "2023.05.16"]
[WhiteClock "0:00:06"]
[BlackClock "0:00:08"]

1. d4 Nf6 2. c4 e6 3. g3 c5 4. d5 e5 5. Nc3 d6 6. e4 Be7 7. h4 O-O 8. Bh3 a6 9. a4 Ne8 10. Bxc8 Qxc8 11. g4 Nd7 12. a5 b6 13. axb6 Nxb6 14. b3 h5 15. gxh5 f5 16. Nge2 Nf6 17. Ng3 fxe4 18. h6 Qg4 19. Qxg4 Nxg4 20. Ncxe4 Rf3 21. Rb1 Raf8 22. hxg7 Kxg7 23. Rb2 a5 24. Rg1 Kh7 25. Nf1 Nh6 26. Bxh6 Kxh6 27. Nfd2 R3f4 28. Rh1 Rg8 29. Ra2 Rgg4 30. f3 Rg2 31. Rxa5 Bxh4+ 32. Kd1 Kg6 33. Ra6 Nc8 34. Rc6 Ne7 35. Rxd6+ Kf7 36. Rh6 Nf5 37. Rh7+ Kg6 38. Rc7 Ne3+ 39. Kc1 Nf5 40. Rxc5 Nd4 41. d6 Bd8 42. d7 Kf7 43. Rxe5 Ne6 44. Nd6+ Kf6 45. Rhe1 Nd4 46. Ne8+ Kf7 47. R5e4 Rxe4 48. Rxe4 Ne2+ 49. Kc2 Ng3 50. Rg4 Ke7 51. Rg7+ Ke6 52. Kd3 Rg1 53. Ne4 Bb6 54. Rxg3 Rxg3 55. Nxg3 Kxd7 56. Nf6+ Ke6 57. Nd5 Bd8 58. Ne4 Kd7 59. c5 Ke6 60. Kc4 Ke5 61. b4 Bh4 62. b5 Bd8 63. b6 Bh4 64. b7 Kf5 65. b8=Q Be7 66. Qf4+ Ke6 67. Qg4+ Kf7 68. Qf5+ Ke8 69. Nd6+ Kd8 70. Qc8# 1-0


[Site "https://www.chess.com"]

[Event "Titled Tuesday Blitz May 16 Early 2023"]
[White "mjelcic"]
[Black "Begunov, Konstantin"]
[BlackFideId "4118510"]
[WhiteElo "2247"]
[BlackElo "2050"]
[Result "1-0"]
[Round "04"]
[TimeControl "180+2"]
[Date "2023.05.16"]
[WhiteClock "0:00:12"]
[BlackClock "0:00:00"]

1. c4 c6 2. e4 d5 3. exd5 cxd5 4. d4 Nf6 5. Nc3 Nc6 6. Nf3 e6 7. cxd5 Nxd5 8. Bd3 Be7 9. O-O Ncb4 10. Bb1 b6 11. Re1 Bb7 12. a3 Nxc3 13. bxc3 Nd5 14. Qd3 Rc8 15. c4 Ba6 16. Ne5 Qc7 17. Qg3 Bxc4 18. Qxg7 Bf6 19. Qh6 Bb5 20. Be4 Qc3 21. Be3 Nxe3 22. fxe3 Bxe5 23. dxe5 Qxe5 24. Bf3 Rg8 25. Rad1 Qg5 26. Qxh7 Bc6 27. Bxc6+ Rxc6 28. Qe4 Rc4 29. Qa8+ Ke7 30. Qb7+ Kf8 31. Rf1 Qg6 32. Rd8+ Kg7 33. Rxg8+ Kxg8 34. Qf3 Rc2 35. a4 Ra2 36. Qa8+ Kg7 37. Qc6 Re2 38. Kh1 Rxe3 39. a5 bxa5 40. Qb5 Re4 41. Qb2+ 1-0


[Site "https://www.chess.com"]

[Event "Titled Tuesday Blitz May 16 Early 2023"]
[White "Jimenez Almeida, Luis David"]
[Black "Chakravarthi Reddy, M"]
[WhiteFideId "22242244"]
[BlackFideId "25009532"]
[WhiteElo "2245"]
[BlackElo "2201"]
[Result "1-0"]
[Round "04"]
[TimeControl "180+2"]
[Date "2023.05.16"]
[WhiteClock "0:00:16"]
[BlackClock "0:00:08"]

1. e4 c5 2. Nc3 d6 3. Nge2 Nc6 4. g3 g6 5. Bg2 Bg7 6. O-O h5 7. h3 Nf6 8. d4 cxd4 9. Nxd4 h4 10. Nxc6 bxc6 11. g4 Be6 12. e5 Nd5 13. exd6 Qxd6 14. Ne4 Qd7 15. Nc5 Qc8 16. Nxe6 Qxe6 17. Re1 Qd7 18. c3 Rd8 19. Bg5 f6 20. Bd2 e5 21. Qc2 Kf7 22. Rad1 Ne7 23. Be3 Qe6 24. Bxa7 Qxa2 25. Bc5 Nd5 26. Be4 Rh6 27. c4 f5 28. Ra1 Qxa1 29. Rxa1 fxe4 30. cxd5 cxd5 31. Be3 Rhh8 32. Ra7+ Kg8 33. Qc7 Bf6 34. Qf7# 1-0


[Site "https://www.chess.com"]

[Event "Titled Tuesday Blitz May 16 Early 2023"]
[White "Sowul, Bartosz"]
[Black "agvania123"]
[WhiteFideId "1137590"]
[WhiteElo "2188"]
[BlackElo "2241"]
[Result "1-0"]
[Round "04"]
[TimeControl "180+2"]
[Date "2023.05.16"]
[WhiteClock "0:00:17"]
[BlackClock "0:00:12"]

1. e4 d5 2. exd5 Qxd5 3. Nc3 Qd8 4. d4 Nf6 5. Nf3 Bg4 6. h3 Bxf3 7. Qxf3 c6 8. Be3 e6 9. O-O-O Bb4 10. Ne4 Nxe4 11. Qxe4 Qd5 12. Qxd5 cxd5 13. Kb1 Nc6 14. c3 Bd6 15. Bb5 a6 16. Bxc6+ bxc6 17. b4 a5 18. a3 axb4 19. axb4 Kd7 20. Kb2 Ra7 21. Ra1 Rha8 22. Rxa7+ Rxa7 23. Kb3 f6 24. h4 h5 25. Bd2 e5 26. dxe5 Bxe5 27. Be3 Ra8 28. Rg1 f5 29. g3 Rb8 30. Ra1 Rb7 31. Ra8 Rb8 32. Ra7+ Ke6 33. f4 Bf6 34. Bc5 Rc8 35. Rb7 Ra8 36. Ba7 Rc8 37. Kc2 Rd8 38. Kd3 Rd7 39. Rxd7 Kxd7 40. Bb8 Kc8 41. Bd6 Kd7 42. Bc5 g6 43. Kc2 Bd8 44. Kb3 Kc8 45. Ka4 Kb7 46. Bd4 Bb6 47. b5 c5 48. Bf2 d4 49. c4 d3 50. Kb3 Ba5 51. Kb2 Kc7 52. Kc1 Kd6 53. Kd1 Bb4 54. Be3 Kc7 55. Bd2 Ba3 56. Bc3 Kb6 57. Kd2 Bb4 58. Kxd3 Bxc3 59. Kxc3 Ka5 60. Kb3 Kb6 61. Ka4 Kb7 62. Ka5 Ka7 63. b6+ Kb7 64. Kb5 Kb8 65. Kxc5 Kb7 66. Kb5 Kb8 67. c5 Kc8 68. c6 Kb8 69. Ka6 g5 70. hxg5 h4 71. g6 hxg3 72. g7 g2 73. g8=Q# 1-0


[Site "https://www.chess.com"]

[Event "Titled Tuesday Blitz May 16 Early 2023"]
[White "Wimalasuriya, Kasun M."]
[Black "Martic, Ivan"]
[WhiteFideId "9906789"]
[BlackFideId "929301"]
[WhiteElo "2238"]
[BlackElo "2360"]
[Result "0-1"]
[Round "04"]
[TimeControl "180+2"]
[Date "2023.05.16"]
[WhiteClock "0:01:40"]
[BlackClock "0:01:56"]

1. d4 Nf6 2. Nf3 d5 3. g3 c6 4. Bg2 Bf5 5. O-O e6 6. c4 Nbd7 7. Nc3 Be7 8. Nh4 Bg4 9. h3 Bh5 10. Nf3 O-O 11. g4 Bg6 12. Ne5 Nxe5 13. dxe5 Nd7 14. f4 f5 15. exf6 Nxf6 16. cxd5 cxd5 17. f5 exf5 18. Nxd5 Bc5+ 19. Kh1 Nxg4 20. Qb3 Nf2+ 21. Rxf2 Bxf2 22. Nb6+ Bf7 0-1


[Site "https://www.chess.com"]

[Event "Titled Tuesday Blitz May 16 Early 2023"]
[White "Smietanska, Wiktoria"]
[Black "liwadas82"]
[WhiteFideId "21869359"]
[WhiteElo "1995"]
[BlackElo "2463"]
[Result "1-0"]
[Round "04"]
[TimeControl "180+2"]
[Date "2023.05.16"]
[WhiteClock "0:00:04"]
[BlackClock "0:00:07"]

1. c4 e5 2. Nc3 Nf6 3. Nf3 Nc6 4. e4 Bc5 5. Nxe5 Nxe5 6. d4 Bd6 7. c5 Bxc5 8. dxe5 Ng8 9. Qg4 Bf8 10. Bg5 f6 11. Bh4 d6 12. Qh5+ g6 13. Qf3 dxe5 14. Nd5 Bg7 15. O-O-O Bd7 16. Bc4 c6 17. Nc3 Qe7 18. g4 g5 19. Bg3 O-O-O 20. Qe3 Kb8 21. f3 h5 22. gxh5 Nh6 23. h4 gxh4 24. Rxh4 Nf7 25. Kb1 Bh6 26. f4 exf4 27. Bxf4+ Bxf4 28. Qxf4+ Ne5 29. Bb3 Be6 30. Bxe6 Qxe6 31. Rf1 Qc4 32. Qxf6 Qd3+ 33. Ka1 Nc4 34. Qf4+ Ka8 35. Rhh1 a6 36. Qf3 Qc2 37. Rf2 Rd2 38. Rxd2 Qxd2 39. Qe2 Qd4 40. Rd1 Qe5 41. Qxc4 Kb8 42. Qd4 Qxh5 43. a3 Qh7 44. Qd6+ Ka7 45. e5 Re8 46. e6 Qe7 47. Qxe7 Rxe7 48. Re1 Kb6 49. Kb1 Kc7 50. Kc2 Kd6 51. Na4 b5 52. Nc3 Rxe6 53. Rxe6+ Kxe6 54. Ne4 Kd5 55. Kd3 c5 56. Nf6+ Ke5 57. Nd7+ Kd6 58. Nb8 a5 59. Kc3 Kd5 60. Na6 b4+ 61. axb4 axb4+ 62. Nxb4+ cxb4+ 63. Kxb4 Kc6 64. Ka5 Kb7 65. Kb5 Ka7 66. Kc6 Ka6 67. b4 Ka7 68. b5 Ka8 69. Kc7 Ka7 70. b6+ Ka8 71. b7+ Ka7 72. b8=Q+ Ka6 73. Qb6# 1-0


[Site "https://www.chess.com"]

[Event "Titled Tuesday Blitz May 16 Early 2023"]
[White "UNSTOPPABLE_LEGEND"]
[Black "Da Matta, Eduardo Cesar"]
[BlackFideId "2193108"]
[WhiteElo "2462"]
[BlackElo "1981"]
[Result "1-0"]
[Round "04"]
[TimeControl "180+2"]
[Date "2023.05.16"]
[WhiteClock "0:01:15"]
[BlackClock "0:00:44"]

1. c4 c5 2. Nf3 Nc6 3. Nc3 g6 4. e3 Bg7 5. d4 cxd4 6. exd4 d6 7. d5 Ne5 8. Nxe5 Bxe5 9. Bd3 Bg7 10. O-O Nf6 11. h3 O-O 12. Be3 a6 13. Rc1 e6 14. Na4 exd5 15. Nb6 Rb8 16. cxd5 Re8 17. Qb3 Nd7 18. Nxc8 Rxc8 19. Qxb7 Rb8 20. Qxa6 Rxb2 21. Qxd6 Be5 22. Qa6 Bb8 23. Bb5 Rxe3 24. Rc8 1-0


[Site "https://www.chess.com"]

[Event "Titled Tuesday Blitz May 16 Early 2023"]
[White "Rom, Jasper"]
[Black "Tarnowska, Aleksandra"]
[WhiteFideId "2023733"]
[BlackFideId "1180967"]
[WhiteElo "2233"]
[BlackElo "1776"]
[Result "1-0"]
[Round "04"]
[TimeControl "180+2"]
[Date "2023.05.16"]
[WhiteClock "0:01:46"]
[BlackClock "0:00:00"]

1. e4 c5 2. Nc3 d6 3. f4 g6 4. Nf3 Bg7 5. Bb5+ Bd7 6. Bc4 Nf6 7. d3 Nc6 8. O-O Nd4 9. Nxd4 cxd4 10. Ne2 b5 11. Bb3 e5 12. Qe1 a5 13. a3 h5 14. fxe5 dxe5 15. Bg5 Qb6 16. Qf2 Ra6 17. a4 O-O 18. Qh4 Qd6 19. h3 bxa4 20. Bc4 Rb6 21. Rf3 1-0


[Site "https://www.chess.com"]

[Event "Titled Tuesday Blitz May 16 Early 2023"]
[White "Jaivardhan Raj"]
[Black "DubiousM0ves532"]
[WhiteFideId "25744437"]
[WhiteElo "1772"]
[BlackElo "2461"]
[Result "1-0"]
[Round "04"]
[TimeControl "180+2"]
[Date "2023.05.16"]
[WhiteClock "0:00:20"]
[BlackClock "0:00:00"]

1. e4 c5 2. Nf3 e6 3. d4 cxd4 4. Nxd4 a6 5. Nc3 Qc7 6. Be3 Nf6 7. a3 b5 8. g3 Bb7 9. Bg2 d6 10. O-O Be7 11. f4 Nbd7 12. Qe2 O-O 13. h3 Rac8 14. g4 Nc5 15. Bf2 d5 16. e5 Nfe4 17. Nxe4 Nxe4 18. Bxe4 dxe4 19. Kh2 Rfd8 20. c3 Bd5 21. Qc2 f6 22. exf6 Bxf6 23. Be3 Qc4 24. Qf2 Rf8 25. Ne2 Qc7 26. Qg3 Bc4 27. Rfe1 Rcd8 28. Nd4 e5 29. Nf5 exf4 30. Bxf4 Qc6 31. g5 Bxg5 32. Qxg5 Rf7 33. Qxd8+ Rf8 34. Ne7+ Kf7 35. Qxf8+ 1-0


[Site "https://www.chess.com"]

[Event "Titled Tuesday Blitz May 16 Early 2023"]
[White "Srebrnic, Marko"]
[Black "KSho99"]
[WhiteFideId "14603616"]
[WhiteElo "2341"]
[BlackElo "2154"]
[Result "1-0"]
[Round "04"]
[TimeControl "180+2"]
[Date "2023.05.16"]
[WhiteClock "0:01:47"]
[BlackClock "0:00:15"]

1. e4 e6 2. d4 d5 3. Nc3 Be7 4. g3 Nf6 5. f3 dxe4 6. fxe4 e5 7. d5 Bb4 8. Bg5 Nbd7 9. Nf3 O-O 10. Bh3 h6 11. Bxf6 Nxf6 12. Bxc8 Qxc8 13. Qe2 Qg4 14. Nd2 c6 15. dxc6 bxc6 16. Qxg4 Nxg4 17. Ke2 Bxc3 18. bxc3 Rab8 19. Rab1 f6 20. h3 Rxb1 21. Rxb1 f5 22. hxg4 fxg4 23. Rb7 1-0


[Site "https://www.chess.com"]

[Event "Titled Tuesday Blitz May 16 Early 2023"]
[White "Rios Escobar, Adan"]
[Black "dDobravcan"]
[WhiteFideId "3403645"]
[WhiteElo "2453"]
[BlackElo "2130"]
[Result "1-0"]
[Round "04"]
[TimeControl "180+2"]
[Date "2023.05.16"]
[WhiteClock "0:01:15"]
[BlackClock "0:00:02"]

1. d4 d6 2. g3 Nd7 3. Bg2 e5 4. e4 Ngf6 5. Ne2 c6 6. a4 a5 7. Nbc3 h6 8. h3 g5 9. Be3 Qc7 10. Qd2 Be7 11. b3 Nf8 12. f4 gxf4 13. gxf4 Ng6 14. O-O-O Nh4 15. Rdg1 Bd7 16. fxe5 dxe5 17. dxe5 Qxe5 18. Bd4 Qc7 19. e5 Nxg2 20. exf6 Ba3+ 21. Kb1 Nh4 22. Qd3 O-O-O 23. Qc4 Be6 24. Qd3 c5 25. Nb5 Qc6 26. Na7+ Kb8 27. Nxc6+ 1-0


[Site "https://www.chess.com"]

[Event "Titled Tuesday Blitz May 16 Early 2023"]
[White "Zavortink, Matt"]
[Black "Flis, Pawel"]
[WhiteFideId "2034263"]
[BlackFideId "1112864"]
[WhiteElo "2452"]
[BlackElo "1822"]
[Result "1-0"]
[Round "04"]
[TimeControl "180+2"]
[Date "2023.05.16"]
[WhiteClock "0:01:44"]
[BlackClock "0:00:58"]

1. Nf3 Nf6 2. g3 g6 3. b3 Bg7 4. Bb2 O-O 5. Bg2 d6 6. d4 c5 7. c4 cxd4 8. Nxd4 Nc6 9. Nxc6 bxc6 10. Bxc6 Bh3 11. Bxa8 Qxa8 12. f3 Ng4 13. Bxg7 Kxg7 14. Nc3 Kg8 15. Qd4 e5 16. Qd5 Ne3 17. Qxa8 Rxa8 18. Kf2 Rf8 19. Kxe3 Ra8 20. Nd5 Kg7 21. Kf2 f5 22. Rhd1 e4 23. f4 h5 24. Ne3 Rd8 25. c5 1-0


[Site "https://www.chess.com"]

[Event "Titled Tuesday Blitz May 16 Early 2023"]
[White "Torres Dominguez, David"]
[Black "Mayaud, Raphael"]
[WhiteFideId "2220857"]
[BlackFideId "627151"]
[WhiteElo "1999"]
[BlackElo "2191"]
[Result "1-0"]
[Round "04"]
[TimeControl "180+2"]
[Date "2023.05.16"]
[WhiteClock "0:01:23"]
[BlackClock "0:00:15"]

1. e4 d5 2. d3 dxe4 3. dxe4 Qxd1+ 4. Kxd1 e5 5. Be3 Nc6 6. Nd2 f5 7. f3 Nf6 8. Bb5 f4 9. Bf2 Bd7 10. a4 a6 11. Be2 Bd6 12. c3 O-O 13. Kc2 Rac8 14. Bc4+ Kh8 15. a5 Nd8 16. Ne2 Be6 17. Rhd1 Kg8 18. Nc1 Kf7 19. Nd3 Re8 20. Bh4 h6 21. Bxf6 Kxf6 22. Bxe6 Nxe6 23. Nc4 Red8 24. Rd2 Nc5 25. Nxc5 Bxc5 26. Rxd8 Rxd8 27. Rd1 Rxd1 28. Kxd1 g5 29. h3 h5 30. Ke2 g4 31. fxg4 hxg4 32. hxg4 Bd6 33. Kf3 Kg5 34. b3 Kh4 35. Nb2 Kg5 36. Nd3 Kf6 37. c4 b6 38. b4 bxa5 39. bxa5 c6 40. Nc1 Bc7 41. Nb3 Ke6 42. Nc5+ Kd6 43. Nxa6 Bxa5 44. g3 fxg3 45. Kxg3 Bd2 46. c5+ Kd7 47. Kh4 Kc8 48. g5 Kb7 49. Kh5 Ba5 50. g6 Kxa6 51. g7 Kb5 52. g8=Q Kxc5 53. Qa2 Bc3 54. Qc2 Kd4 55. Kg4 c5 56. Kf5 Kc4 57. Ke6 Kd4 58. Kd6 Kc4 59. Ke6 Kd4 60. Kf5 Kc4 61. Kg4 Kd4 62. Kf3 Kc4 63. Ke3 Kb4 64. Kd3 Bd4 65. Qc4+ Ka5 66. Kc2 Kb6 67. Kb3 Kc6 68. Ka4 Kd6 69. Ka5 Ke7 70. Kb6 Kf6 71. Kc6 Kg5 72. Kd6 Kf4 73. Ke6 Kxe4 74. Kf6 Kf4 75. Ke6 e4 76. Qf1+ Ke3 77. Kd5 Bc3 78. Qg1+ Kd3 79. Qb1+ Kd2 80. Kxe4 Bd4 81. Qd3+ Kc1 82. Qc4+ Kd2 83. Kf3 Ke1 84. Qe2# 1-0


[Site "https://www.chess.com"]

[Event "Titled Tuesday Blitz May 16 Early 2023"]
[White "Yeritsyan, Hayk"]
[Black "Maluco_do_Natal_00"]
[WhiteFideId "13307320"]
[WhiteElo "2442"]
[BlackElo "2018"]
[Result "1-0"]
[Round "04"]
[TimeControl "180+2"]
[Date "2023.05.16"]
[WhiteClock "0:00:59"]
[BlackClock "0:00:00"]

1. b3 e5 2. Bb2 d6 3. e3 Nc6 4. Nf3 Be6 5. d4 e4 6. Nfd2 d5 7. c4 f5 8. Nc3 Nf6 9. cxd5 Nxd5 10. Bb5 a6 11. Bxc6+ bxc6 12. O-O Bb4 13. Qc2 Bxc3 14. Bxc3 O-O 15. Nc4 f4 16. exf4 Rxf4 17. Bd2 Rf6 18. Bg5 Bf5 19. Ne3 Bg6 20. Bxf6 Qxf6 21. Nxd5 cxd5 22. Qxc7 Bf7 23. Qe5 Qg6 24. Rac1 Re8 25. Qg3 Qf6 26. Rc7 Qxd4 27. h4 Qf6 28. Rfc1 d4 29. Rc8 g6 30. Rxe8+ Bxe8 31. Rc8 Kf7 32. Qc7+ Qe7 33. Qf4+ 1-0


[Site "https://www.chess.com"]

[Event "Titled Tuesday Blitz May 16 Early 2023"]
[White "Camilla_Lee"]
[Black "Rose, Felix"]
[BlackFideId "5105722"]
[WhiteElo "2611"]
[BlackElo "2039"]
[Result "1-0"]
[Round "04"]
[TimeControl "180+2"]
[Date "2023.05.16"]
[WhiteClock "0:01:52"]
[BlackClock "0:01:12"]

1. e4 c5 2. Nf3 g6 3. d4 cxd4 4. Nxd4 Nc6 5. Nc3 Bg7 6. Be3 Nf6 7. Bc4 O-O 8. Bb3 a5 9. a4 d6 10. f3 Nxd4 11. Bxd4 Bd7 12. Qd2 Bc6 13. h4 h5 14. O-O-O Rb8 15. g4 b5 16. axb5 Bxb5 17. Qg5 e5 18. Bxe5 Kh7 19. Rxd6 Qxd6 20. Bxd6 Bh6 21. Qxh6+ Kxh6 22. Bxf8+ 1-0


[Site "https://www.chess.com"]

[Event "Titled Tuesday Blitz May 16 Early 2023"]
[White "Rian, Kapriaga"]
[Black "Sharapov, Evgeny"]
[WhiteFideId "7103263"]
[BlackFideId "14103133"]
[WhiteElo "2321"]
[BlackElo "2367"]
[Result "0-1"]
[Round "04"]
[TimeControl "180+2"]
[Date "2023.05.16"]
[WhiteClock "0:00:00"]
[BlackClock "0:00:54"]

1. d4 Nf6 2. c4 e6 3. g3 Bb4+ 4. Bd2 Qe7 5. Bg2 O-O 6. Nf3 Bxd2+ 7. Nbxd2 d6 8. O-O e5 9. e3 Nc6 10. Qc2 Bg4 11. a3 exd4 12. Nxd4 Nxd4 13. exd4 c6 14. Rfe1 Qc7 15. Ne4 Nxe4 16. Qxe4 Bd7 17. Qf4 Rae8 18. c5 Be6 19. cxd6 Qd7 20. Rad1 Bb3 21. Rc1 Rxe1+ 22. Rxe1 Be6 23. d5 cxd5 24. Rc1 Rd8 25. Rc7 Qxd6 26. Qxd6 Rxd6 27. Rxb7 g5 28. Bf3 d4 29. Rxa7 d3 30. Ra5 g4 31. Bd1 Rc6 32. Kg2 Rc1 33. Bxg4 Bxg4 34. Rg5+ Kf8 35. Rxg4 d2 36. Rd4 d1=Q 37. Rxd1 Rxd1 0-1


[Site "https://www.chess.com"]

[Event "Titled Tuesday Blitz May 16 Early 2023"]
[White "Yonal, Timur"]
[Black "Shuvalov, Evgenij"]
[WhiteFideId "44115725"]
[BlackFideId "4187237"]
[WhiteElo "1966"]
[BlackElo "2080"]
[Result "0-1"]
[Round "04"]
[TimeControl "180+2"]
[Date "2023.05.16"]
[WhiteClock "0:01:57"]
[BlackClock "0:01:35"]

1. e4 e6 2. d4 d5 3. Nc3 Bb4 4. e5 c5 5. a3 Bxc3+ 6. bxc3 Ne7 7. Qg4 cxd4 8. Qxg7 Rg8 9. Qxh7 Qc7 10. Ne2 Nbc6 11. f4 dxc3 12. Be3 Bd7 13. Qd3 Nf5 14. Bf2 d4 15. h3 Qa5 16. g4 Nb4 17. Qd1 d3 18. axb4 d2+ 19. Qxd2 cxd2+ 20. Kxd2 Qxa1 21. Bg2 Qb2 0-1


[Site "https://www.chess.com"]

[Event "Titled Tuesday Blitz May 16 Early 2023"]
[White "Balint, Vilmos"]
[Black "Baches Garcia, Guillermo"]
[WhiteFideId "718050"]
[BlackFideId "2209764"]
[WhiteElo "2034"]
[BlackElo "2487"]
[Result "1-0"]
[Round "04"]
[TimeControl "180+2"]
[Date "2023.05.16"]
[WhiteClock "0:00:32"]
[BlackClock "0:00:00"]

1. d4 d5 2. Nc3 Nf6 3. Bf4 c5 4. e3 cxd4 5. exd4 a6 6. Bd3 Nc6 7. Nf3 Nb4 8. Be2 Bf5 9. Rc1 e6 10. a3 Nc6 11. h3 Bd6 12. Qd2 Ne4 13. Nxe4 dxe4 14. Ne5 Bxe5 15. dxe5 Qxd2+ 16. Kxd2 Nd4 17. Bh5 e3+ 18. fxe3 Nc6 19. Bf3 h6 20. Rhd1 g5 21. Bg3 Ke7 22. e4 Bg6 23. Ke3 Rac8 24. Be2 Rc7 25. Rd6 Rhc8 26. c3 Na5 27. Rcd1 Nc4+ 28. Bxc4 Rxc4 29. Rd7+ Kf8 30. Rxb7 Rxe4+ 31. Kf2 h5 32. h4 gxh4 33. Bh2 Rg4 34. Rb4 Be4 35. g3 hxg3+ 36. Bxg3 h4 37. Bxh4 Rxh4 38. Ke3 Rh2 39. Kxe4 Rc5 40. Rd6 Re2+ 41. Kd3 Rexe5 42. Rxa6 Rh5 43. a4 Kg7 44. Rg4+ Kf6 45. b4 Rcd5+ 46. Kc2 Rh3 47. Rc6 Rf5 48. Rg2 Rff3 49. a5 Ke5 50. a6 Kd5 51. Rc8 1-0


[Site "https://www.chess.com"]

[Event "Titled Tuesday Blitz May 16 Early 2023"]
[White "MIM06"]
[Black "Rangel, Daniel"]
[BlackFideId "2124475"]
[WhiteElo "2279"]
[BlackElo "2256"]
[Result "0-1"]
[Round "04"]
[TimeControl "180+2"]
[Date "2023.05.16"]
[WhiteClock "0:00:18"]
[BlackClock "0:00:08"]

1. e4 c5 2. Nf3 d6 3. Bb5+ Bd7 4. Bxd7+ Qxd7 5. c4 Nc6 6. d4 Nf6 7. Nc3 cxd4 8. Nxd4 e6 9. f3 Be7 10. Be3 O-O 11. b3 a6 12. Qe2 Nxd4 13. Bxd4 Rfc8 14. O-O-O b5 15. c5 Qc7 16. cxd6 Bxd6 17. Kb1 e5 18. Be3 Ba3 19. Nd5 Nxd5 20. Rxd5 h6 21. Rhd1 a5 22. Qxb5 a4 23. Qc4 Qb7 24. Qb5 Qc7 25. Qc4 axb3 26. Qxc7 bxa2+ 27. Kxa2 Rxc7 28. Rd8+ Rxd8 29. Rxd8+ Bf8 30. Kb3 f6 31. Bd2 Kf7 32. Ra8 Bc5 33. Bc3 Bg1 34. h3 Be3 35. Ra6 Rd7 36. Kc2 Bf4 37. Ra5 Kg6 38. Rd5 Ra7 39. Kd3 Ra2 40. g4 Rf2 41. h4 Rxf3+ 42. Kc2 h5 43. gxh5+ Kxh5 44. Rd7 Kg6 45. h5+ Kh6 46. Bb4 Rg3 47. Bf8 Kh7 48. Rb7 Bh6 49. Be7 Rf3 50. Bf8 Rf4 51. Kd3 Rh4 52. Be7 Rxh5 53. Bxf6 Rh3+ 54. Kc4 Re3 55. Kd5 Rd3+ 56. Kxe5 Ra3 57. Kf5 Ra5+ 58. Be5 Ra2 59. Rf7 Rf2+ 60. Ke6 Ra2 61. Kf5 Ra6 62. Rd7 Kg8 63. Bf4 Rf6+ 64. Ke5 Bxf4+ 65. Kd5 Kh7 66. e5 Rf5 67. Re7 Rxe5+ 68. Rxe5 Bxe5 69. Kxe5 Kg6 70. Kf4 Kh5 71. Kg3 Kg5 72. Kh3 Kf4 73. Kg2 Kg4 74. Kf2 Kh3 75. Kf3 g5 76. Kf2 g4 77. Kg1 Kg3 78. Kh1 Kf2 79. Kh2 g3+ 80. Kh1 g2+ 81. Kh2 g1=Q+ 82. Kh3 Qg3# 0-1


[Site "https://www.chess.com"]

[Event "Titled Tuesday Blitz May 16 Early 2023"]
[White "Jiganchine, Roman"]
[Black "Omariev, Maksim"]
[WhiteFideId "2603667"]
[BlackFideId "4193423"]
[WhiteElo "2255"]
[BlackElo "2407"]
[Result "0-1"]
[Round "04"]
[TimeControl "180+2"]
[Date "2023.05.16"]
[WhiteClock "0:01:03"]
[BlackClock "0:00:37"]

1. e4 c5 2. Nf3 d6 3. Bb5+ Nd7 4. a4 a6 5. Be2 Ngf6 6. Nc3 b6 7. O-O Bb7 8. Re1 Nxe4 9. d4 Nxc3 10. bxc3 e6 11. d5 Bxd5 12. Bb5 Bb7 13. Bg5 Be7 14. Bxe7 Qxe7 15. Bd3 O-O 16. h4 Bxf3 17. Qxf3 Qxh4 18. Re4 Qf6 19. Qh3 g6 20. Rh4 Qg7 21. f4 d5 22. Rf1 c4 23. Be2 Nc5 24. f5 exf5 25. Bf3 Ne4 26. Bxe4 dxe4 27. g4 fxg4 28. Rxg4 f5 29. Rh4 Rad8 30. Qe3 Rd6 31. Rh2 Qe5 32. Rg2 f4 33. Qh3 f3 0-1


[Site "https://www.chess.com"]

[Event "Titled Tuesday Blitz May 16 Early 2023"]
[White "Antonio, Jorge Carlos"]
[Black "Kohler, Aran"]
[WhiteFideId "113190"]
[BlackFideId "1002856"]
[WhiteElo "2247"]
[BlackElo "2394"]
[Result "0-1"]
[Round "04"]
[TimeControl "180+2"]
[Date "2023.05.16"]
[WhiteClock "0:00:09"]
[BlackClock "0:00:45"]

1. d4 d5 2. Bf4 Nf6 3. e3 c5 4. c3 Nc6 5. Nf3 Qb6 6. Qb3 c4 7. Qxb6 axb6 8. a3 b5 9. Nbd2 b4 10. Be2 e6 11. O-O bxa3 12. bxa3 Rxa3 13. Rxa3 Bxa3 14. Bg5 Bb2 15. Nb1 Ne4 16. Bf4 Nxc3 17. Nxc3 Bxc3 18. Rb1 O-O 19. Ne5 Na5 20. e4 Nb3 21. exd5 exd5 22. Bf3 Be6 23. Be3 f6 24. Nxc4 dxc4 25. d5 Bf5 26. Rc1 Nxc1 27. Bxc1 b5 0-1


[Site "https://www.chess.com"]